 Dungeon Crawl Stone Soup version 0.27-a0-1185-ga233589e6f (webtiles) character file.

Game seed: 18296854621592036340

14 Delamore the Skirmisher (level 2, 0/19 HPs)
             Began as a Gargoyle Fighter on May 18, 2021.
             Slain by a phantom (4 damage)
             ... on level 1 of the Dungeon.
             The game lasted 00:00:41 (628 turns).

Delamore the Skirmisher (Gargoyle Fighter)           Turns: 628, Time: 00:00:42

Health: 0/19       AC:  9    Str: 19    XL:     2   Next: 41%
Magic:  2/2        EV:  7    Int:  8    God:
Gold:   24         SH:  9    Dex:  9    Spells: 1/1 levels left

rFire    . . .     SeeInvis .   a - +0 flail
rCold    . . .     Faith    .   c - +0 kite shield
rNeg     + . .     Spirit   .   b - +0 scale mail
rPois    ∞         Reflect  .   (no helmet)
rElec    +         Harm     .   (no cloak)
rCorr    .         Rampage  .   (no gloves)
Will     .....                  (no boots)
Stlth    ..........             (no amulet)
HPRegen  0.06/turn              (no ring)
MPRegen  0.08/turn              (no ring)

@: no status effects
A: sickness immunity, AC +2, negative energy resistance 1, electricity
resistance, torment resistance 1, petrification resistance
a: no special abilities


You were on level 1 of the Dungeon.
You visited 1 branch of the dungeon, and saw 2 of its levels.

You collected 24 gold pieces.

Inventory:

Hand Weapons
 a - a +0 flail (weapon)
Missiles
 k - 11 poisoned darts (quivered)
Armour
 b - a +0 scale mail (worn)
 c - a +0 kite shield (worn)
Scrolls
 e - a scroll of amnesia {unknown}
 f - a scroll of enchant armour {unknown}
 g - a scroll of identify {unknown}
 j - a scroll of holy word {unknown}
Potions
 d - a potion of might
 h - a potion of resistance {unknown}
 i - a potion of magic {unknown}


   Skills:
 + Level 3.6 Fighting
 + Level 2.3 Maces & Flails
 - Level 3.2 Armour
 + Level 3.5 Shields


You had one spell level left.
You didn't know any spells.
Your spell library was empty.

Dungeon Overview and Level Annotations

Branches:
Dungeon (2/15)

Altars:


Innate Abilities, Weirdness & Mutations

You are immune to sickness and miasma.
Your stone body is resilient. (AC +2)
You are immune to poison.
You resist negative energy. (rN+)
You are resistant to electric shocks. (rElec)
You are resistant to unholy torment.
You are immune to petrification.


Message History

You miss the goblin. The goblin hits you with a +0 club.
You closely miss the goblin. You block the goblin's attack. x2
The adder bites you but does no damage. The goblin closely misses you.
You closely miss the phantom. The adder bites you but does no damage.
The goblin barely misses you. The adder bites you. The phantom hits you.
The phantom blinks!
You blink.
You sock the phantom!
The phantom is moderately damaged.
The phantom hits you.
You are too injured to fight recklessly!
You are too injured to fight recklessly!
You are too injured to fight recklessly!
You are too injured to fight recklessly!
You are too injured to fight recklessly!
You are too injured to fight recklessly!
You are too injured to fight recklessly!
You are too injured to fight recklessly!
You are too injured to fight recklessly!
You are too injured to fight recklessly!
You block the phantom's attack.
Found an escape hatch in the ceiling.
Found a stone staircase leading up.
There is an escape hatch in the ceiling here.
There is a stone staircase leading up here.
The phantom hits you.
* * * LOW HITPOINT WARNING * * *
You climb upwards.
There is a stone staircase leading down here.
You closely miss the phantom.
The phantom is moderately damaged.
The phantom barely misses you. The phantom completely misses you.
You barely miss the phantom.
The phantom is moderately damaged.
The phantom barely misses you.
You closely miss the phantom.
The phantom is moderately damaged.
The phantom hits you but does no damage. x2
You barely miss the phantom.
The phantom is moderately damaged.
The phantom hits you.
You die...

#.##............
#..#............
##.#............
#.......†....##
###..........##
########.).........#
#.............###...
#........###..# #.#.
#..@.....# #.## #...
#..W.....# #.#####..
######.######.##....#
##.............#.....#
#.#.#.#.#.#.#....#...#
##............)..##...#
#.#.#.#.#.#.#.#..##÷...
##.....................#
#.#.#.#.#.#.#.#.#.##....


You could see a phantom.

Vanquished Creatures
  A dart slug (D:1)
  A ball python (D:1)
  An endoplasm (D:1)
  A giant cockroach (D:1)
  A goblin (D:1)
  2 hobgoblins (D:1)
  2 kobolds (D:1)
  2 rats (D:1)
11 creatures vanquished.

Notes
Turn   | Place    | Note
-------+----------+-------------------------------------------
     0 | D:1      | Delamore the Gargoyle Fighter began the quest for the Orb.
     0 | D:1      | Reached XP level 1. HP: 14/14 MP: 1/1
   169 | D:1      | Reached XP level 2. HP: 16/19 MP: 2/2
   607 | D:2      | Noticed a phantom
   628 | D:1      | Slain by a phantom

Illustrated notes

Levels and vault maps discovered:
D:1:      dpeg_arrival_solitude, layout_rooms, hex_large
D:2:      layout_rooms, basic_altar, minivault_19, uniq_natasha, uniq_jessica

Action                   || total
-------------------------++-------
Melee: Flail             ||    45
Armor: Scale mail        ||    25
Dodge: Dodged            ||    19
Block: Kite shield       ||    19

Table legend: (Time is in decaauts)
 A = Elapsed time spent in this place.
 B = Non-inter-level travel time spent in this place.
 C = Inter-level travel time spent in this place.
 D = Time resting spent in this place.
 E = Time spent auto-exploring this place.
 F = Levels seen in this place.
 G = Mean time per level.
                   A        B        C        D        E       F      G
               +--------+--------+--------+--------+--------+-----+--------+
         Total |    651 |    637 |     14 |      0 |    509 |   2 |  325.5 |
       Dungeon |    651 |    637 |     14 |      0 |    509 |   2 |  325.5 |
               +--------+--------+--------+--------+--------+-----+--------+

Top non-repeatable levels by time:
     D:1: 628 daAuts
     D:2: 22 daAuts
